 Dungeon Crawl Stone Soup version 0.30-a0-696-g2367cd04db (webtiles) character file.

Game seed: 12927477903367340479

19974 kae the Transmogrifier (level 12, -5/96 HPs)
             Began as a Demonspawn Transmuter on Jan 20, 2023.
             Was a Priest of Ru.
             Slain by a death yak (22 damage)
             ... on level 2 of the Lair of Beasts.
             The game lasted 00:18:25 (15197 turns).

kae the Transmogrifier (Demonspawn Transmuter)     Turns: 15197, Time: 00:18:26

Health: -5/96      AC: 11    Str: 12    XL:     12   Next: 41%
Magic:  22/25      EV: 10    Int: 25    God:    Ru [***...]
Gold:   1434       SH:  0    Dex: 13    Spells: 19/29 levels left

rFire   x . .      SeeInvis .      - Unarmed
rCold   + + +      Faith    .    (shield currently unavailable)
rNeg    . . .      Spirit   .    (body armour currently unavailable)
rPois   +          Reflect  .    (helmet currently unavailable)
rElec   .          Harm     .    (cloak currently unavailable)
rCorr   .          Rampage  .    (gloves currently unavailable)
Will    .....                    (boots currently unavailable) Stlth
                                 A - amulet of the acrobat
HPRegen 0.36/turn                I - +6 ring of intelligence
MPRegen 0.19/turn                Z - ring of wizardry

@: ice-form, wereblooded
A: freezing attack, amphibious, boosted hp, large, (claws 2), foul stench 1,
powered by death 2, no stealth, hated by all, inability to train armour
a: End Transformation, Renounce Religion, Draw Out Power


You were on level 2 of the Lair of Beasts.
You worshipped Ru.
Ru was most pleased with you.
You were a creature of crystalline ice.
You visited 3 branches of the dungeon, and saw 14 of its levels.

You collected 1434 gold pieces.


Innate Abilities, Weirdness & Mutations

You are a creature of crystalline ice.
You have a powerful freezing melee attack.
You are amphibious.
Your maximum health is increased.
Your armour is entirely melded.
You are incapable of wielding weapons or throwing items.
((You have very sharp fingernails.))
You may rarely emit foul miasma when damaged in melee.
You regenerate health from kills.
You cannot be stealthy.
You are hated by all.
You cannot train Armour skill.


   Skills:
 + Level 2.9 Fighting
 + Level 3.3 Dodging
 + Level 9.3 Unarmed Combat
 + Level 9.1 Spellcasting
 * Level 12.6 Transmutations
 - Level 6.0 Ice Magic
 - Level 1.6 Poison Magic


You had 19 spell levels left.
You knew the following spells:

 Your Spells              Type           Power      Damage    Failure   Level
a - Beastly Appendage     Tmut           100%       N/A       1%          1
b - Wereblood             Tmut           65%        N/A       1%          2
c - Spider Form           Tmut/Pois      47%        N/A       1%          3
d - Ice Form              Ice/Tmut       55%        N/A       1%          4

Your spell library contained the following spells:

 Spells                   Type           Power      Damage    Failure   Level
 Gell's Gravitas          Tloc           11%        N/A       6%          3
 Teleport Other           Tloc           11%        N/A       6%          3
 Dispersal                Tloc           5%         N/A       96%         6
 Summon Small Mammal      Summ           Unusable   N/A       N/A         1
 Call Canine Familiar     Summ           Unusable   N/A       N/A         3
 Summon Guardian Golem    Hex/Summ       Unusable   N/A       N/A         3

Inventory:

Hand Weapons
 e - a +3 short sword of protection
   (You took it off a kobold on level 1 of the Dungeon)
Missiles
 c - 11 poisoned darts
 d - 101 stones
 f - 10 curare-tipped darts {=f}
 l - 4 throwing nets {=f!f}
 n - 2 boomerangs
Armour
 a - a +2 robe (melded)
Magical Staves
 q - a staff of air {!a}
   (You found it on level 4 of the Dungeon)
Jewellery
 z - a ring of wizardry
   (You found it on level 5 of the Dungeon)
 A - an amulet of the acrobat (around neck)
   (You took it off an orc on level 4 of the Dungeon)
 F - a ring of protection from fire
   (You found it on level 8 of the Dungeon)
 I - a +6 ring of intelligence (left front paw)
   (You found it on level 4 of the Dungeon)
 R - a ring of resist corrosion
   (You found it on level 4 of the Dungeon)
 Z - a ring of wizardry (right front paw)
   (You found it on level 4 of the Dungeon)
Wands
 h - a wand of quicksilver (14)
   (You found it on level 2 of the Dungeon)
 u - a wand of flame (15)
   (You took it off Maggie on level 7 of the Dungeon)
 x - a wand of paralysis (7)
   (You found it on level 9 of the Dungeon)
 y - a wand of digging (6)
   (You took it off Sonja on level 9 of the Dungeon)
 K - a wand of polymorph (3)
   (You found it on level 1 of the Lair of Beasts)
Scrolls
 r - 6 scrolls of teleportation {@r4}
 s - 2 scrolls of fog
 t - 2 scrolls of enchant armour
 v - 2 scrolls of vulnerability {!r!r}
 E - 2 scrolls of magic mapping {!r}
 H - a scroll of brand weapon
 M - a scroll of blinking {!r}
 N - a scroll of immolation {!r!r}
 O - a scroll of poison {!r}
 P - a scroll of torment {!r}
Potions
 b - 8 potions of lignification {!q}
 g - a potion of ambrosia {unknown}
 i - 5 potions of mutation {!q}
 j - a potion of cancellation {unknown}
 k - 3 potions of curing {@q1}
 m - 2 potions of magic
 o - a potion of attraction {!q}
 p - 3 potions of haste {@q3}
 w - 2 potions of invisibility
 B - a potion of berserk rage {unknown}
 C - a potion of resistance
 D - 2 potions of brilliance
 G - a potion of flight
 L - a potion of might
Miscellaneous
 J - a phial of floods
   (You found it on level 11 of the Dungeon)

Dungeon Overview and Level Annotations

Branches:
Dungeon (11/15) Zot: 25192  Temple (1/1) D:4 Zot: 5862    Lair (2/5) D:11 Zot: 10340
 Shoals (0/4) Lair:2          Orc (0/2) D:10
  Snake: Lair:2-3    Spider: Lair:2-3

Altars:
Cheibriados
Dithmenos
Gozag
Kikubaaqudgha
Makhleb
Nemelex Xobeh
Okawaru
Qazlal
Ru
Sif Muna
Trog
Uskayaw
Vehumet
Wu Jian
Xom

Shops:
D:11 [

Portals:
Trove: D:10 (give 6 scrolls of fog)

Annotations:
D:3 1 runed translucent door, catramo's ghost, amateur OpHu
D:6 1 runed translucent door, exclusion: two-headed ogre, Leeroy's ghost, amateur TeWr
D:10 2 transporters
D:11 3 runed translucent doors, mrw0lf's ghost, journeyman BaTm

#..## ~.~.~.~ #####.Y## #.
.~.>.~ # ##..#.+..###.# ~...~
.### ### #.......###..~ ~~~
....# ..### #.......#
#...###.###...+. ..+.##
#.......# #....~..#~......
......
#.......###......††.....#. ..##
#.......Y###.............. ..##
.........#Y..+...........#.
...###.........+.#.P...........#
+.###..........##.##........†..#
..P............. ####.#P.#'#.###
#...........P.##### ######..##
###.......#....P#.# ####.#.####
# ###.............# ##..###'##.#
## #P............# #.........##
.# #.............###......†..##


You could see a death yak.


Message History

No target in view!
Key pressed, stopping explore.
Unknown command. 😕 HP[+4] MP[+1]
You regained 4 hp, and now have 91/96 hp.
Your mp is fully restored (25).
h - a wand of quicksilver (14) (gained 3 charges)
You pick up a There-And-Back Book and begin reading...
Unfortunately, you learned nothing new. 😎 HP[+5]
Your hp is fully restored (96).
A death yak is nearby!
A death yak is nearby!
Unknown command.
A death yak is nearby!
A death yak is nearby!
Your transformation is almost over.
Unknown command.
The death yak bellows! x2
Unknown command.
There are monsters nearby!
There are monsters nearby!
You warm up again.
Your +2 robe unmelds from your body. 😎 HP[-16]
You now have 80 max hp (-16).
You see here a scroll of torment {!r}.
P - a scroll of torment {!r}
Casting: Ice Form (mildly dangerous; 1% risk of failure)
Confirm with . or Enter, or press ? or * to list all spells.
You turn into a creature of crystalline ice.
Your +2 robe melds into your body. 😎 HP[+16] MP[-4]
You now have 96 max hp (+16).
Your hp is fully restored (96).
You lost 4 mp, and now have 21/25 mp.
Casting: Ice Form (mildly dangerous; 1% risk of failure)
Confirm with . or Enter, or press ? or * to list all spells.
Your blood is infused with primal strength. 😎 MP[-2]
You lost 2 mp, and now have 19/25 mp. 😎 MP[+1]
You hit the death yak but do no damage.
The death yak is stunned by your conviction and fails to attack.
You punch the death yak! You freeze the death yak. You punch the death yak!
You freeze the death yak. The death yak gores you!!
You emit a cloud of foul miasma! 😕 HP[-21]
You take 21 damage, and now have 75/96 hp.
MASSIVE DAMAGE!! (PAUSE)
You hit the death yak. You freeze the death yak.
The death yak is engulfed in dark miasma.
The death yak is poisoned.
The death yak is stunned by your conviction and fails to attack.
You punch the death yak! You freeze the death yak.
The death yak is engulfed in dark miasma.
The death yak looks even sicker.
The death yak gores you! 😮 HP[-6]
You take 6 damage, and now have 69/96 hp.
You hit the death yak. You freeze the death yak.
The death yak is engulfed in dark miasma.
The death yak looks even sicker.
The death yak gores you. 😮 HP[-5] MP[+1]
You take 5 damage, and now have 64/96 hp.
You punch the death yak! You freeze the death yak.
You feel a bit better.
You kill the death yak! 😮 HP[+4]
You regained 4 hp, and now have 68/96 hp.
You swing at nothing. 😮 HP[+2]
You regained 2 hp, and now have 70/96 hp.
You swing at nothing. 😮 HP[+2]
You regained 2 hp, and now have 72/96 hp.
You swing at nothing. 😕 HP[+1]
You hit the death yak but do no damage. The death yak gores you!! 😮 HP[-22]
You take 22 damage, and now have 51/96 hp.
MASSIVE DAMAGE!! (PAUSE)
You punch the death yak! You freeze the death yak.
You howl as the wereblood boils in your veins!
The death yak is stunned by your conviction and fails to attack. 😮 HP[+1]
You punch the death yak! You freeze the death yak.
The death yak gores you but does no damage. 😮 HP[+1] MP[+1]
You pummel the death yak!! You freeze the death yak. You hit the death yak.
You freeze the death yak.
The death yak gores you but does no damage.
You pummel the death yak!! You freeze the death yak. The death yak gores you!!
* * * LOW HITPOINT WARNING * * *
😨 HP[-22]
You take 22 damage, and now have 31/96 hp.
MASSIVE DAMAGE!! (PAUSE)
You hit the death yak but do no damage. The death yak gores you!
* * * LOW HITPOINT WARNING * * *
😱 HP[-14]
You take 14 damage, and now have 17/96 hp.
You hit the death yak. You freeze the death yak. The death yak gores you!!
You die...

Skill      XL: |  1  2  3  4  5  6  7  8  9 10 11 12 |
---------------+-------------------------------------+-----
Transmutations | 2 3 4 5 6 8 10 12 | 12.6
Unarmed Combat | 3 4 5 6 7 9 |  9.3
Poison Magic   | 1 |  1.6
Spellcasting   | 3 4 6 7 8 9 |  9.1
Ice Magic      | 2 3 5 6 |  6.0
Dodging        | 2 3 |  3.3
Fighting       | 2 |  2.9

Action                   |  1- 3 |  4- 6 |  7- 9 | 10-12 || total
-------------------------+-------+-------+-------+-------++-------
Melee: Unarmed           |    73 |    84 |   253 |   435 ||   845
       Kick              |    12 |     6 |       |       ||    18
       Headbutt          |     7 |     4 |       |       ||    11
       Short sword       |    55 |    88 |     4 |     7 ||   154
       Punch             |     1 |     1 |       |     2 ||     4
 Cast: Beastly Appendage |    19 |    15 |       |       ||    34
       Spider Form       |     2 |     5 |     2 |       ||     9
       Wereblood         |       |     4 |     8 |    15 ||    27
       Ice Form          |       |     3 |    25 |    52 ||    80
Invok: Sacrifice Durabil |       |       |     1 |       ||     1
       Sacrifice Stealth |       |       |       |     1 ||     1
       Sacrifice Love    |       |       |       |     1 ||     1
       Draw Out Power    |       |       |       |     1 ||     1
 Abil: End Transformatio |       |       |       |     1 ||     1
Evoke: Wand              |       |       |       |     8 ||     8
  Use: Scroll            |     3 |     7 |     4 |     8 ||    22
       Potion            |     3 |       |       |       ||     3
 Stab: Distracted        |       |       |       |     1 ||     1
       Invisible         |       |       |       |     1 ||     1
Armor: Robe              |    22 |    27 |     1 |     4 ||    54
       Skin              |   129 |     8 |    57 |   150 ||   344
Dodge: Dodged            |    92 |   141 |   141 |   237 ||   611

Levels and vault maps discovered:
D:1:      spicycebolla_arrival_xxxplode, layout_basic
D:2:      layout_basic, uniq_robin
D:3:      layout_basic, ebering_ghost_sewer_d
D:4:      layout_basic, minmay_temple_entry_large_hall,
          kennysheep_generic_room_14
D:5:      layout_basic
D:6:      layout_loops_ring, gammafunk_ghost_grave
D:7:      layout_basic, mainiacjoe_overflow_concentric_impassable,
          serial_curves, eino_curves_01, eino_curves_01, uniq_maggie
D:8:      minmay_ornate_pinched, layout_loops_ring, minivault_14,
          corner_web_ring, uniq_maurice
D:9:      layout_basic
D:10:     gammafunk_the_bubble [the_bubble_gammafunk_grid], layout_small_grid,
          orc_0_dummy, enter_trove_2, minmay_circle_x, uniq_sonja
D:11:     layout_basic, due_lair_maze_entry_diamond,
          gammafunk_ghost_nasty_kobolds, nicolae_stop_n_shop_1
Temple:   compressed_dpeg_circular_temple
Lair:1:   layout_gridlike
Lair:2:   layout_roguey, nicolae_shoals_entry_flooding, dreamdust_gnoll_shepherd

Notes
Turn   | Place    | Note
-------+----------+-------------------------------------------
     0 | D:1      | kae the Demonspawn Transmuter began the quest for the Orb.
     0 | D:1      | Reached XP level 1. HP: 15/15 MP: 3/3
     0 | D:1      | magus.rc [v1.11.3]
   157 | D:1      | Reached skill level 2 in Transmutations
   197 | D:1      | Gained mutation: You have sharp fingernails. [demonic
                  | ancestry]
   197 | D:1      | Reached XP level 2. HP: 18/21 MP: 3/5
   447 | D:1      | Reached skill level 3 in Unarmed Combat
   488 | D:1      | Gained mutation: You regenerate a little health from kills.
                  | [demonic ancestry]
   488 | D:1      | Reached XP level 3. HP: 22/26 MP: 4/6
   494 | D:1      | Learned a level 2 spell: Wereblood
   498 | D:1      | Learned a level 3 spell: Spider Form
  1117 | D:2      | Noticed Robin
  1231 | D:2      | Killed Robin
  1317 | D:2      | Identified the +0 buckler "Riovveog" {rPois Str+3}
  1449 | D:2      | Reached skill level 1 in Poison Magic
  1548 | D:2      | Noticed a phantom
  1672 | D:2      | Reached XP level 4. HP: 30/32 MP: 3/7
  1798 | D:2      | Killed a phantom
  1799 | D:2      | Reached skill level 3 in Transmutations
  1799 | D:2      | Reached XP level 5. HP: 31/37 MP: 5/9
  2207 | D:3      | Identified a scroll of acquirement
  2207 | D:3      | Acquired 630 gold pieces
  2358 | D:3      | Found a runed translucent door.
  2360 | D:3      | Noticed catramo's ghost (amateur OpHu)
  3264 | D:4      | magus.rc [v1.11.3]
  3340 | D:4      | Reached skill level 3 in Spellcasting
  3346 | D:4      | Reached skill level 4 in Transmutations
  3424 | D:4      | Learned a level 4 spell: Ice Form
  3511 | D:4      | Reached XP level 6. HP: 43/43 MP: 10/10
  3600 | D:4      | Reached skill level 1 in Ice Magic
  3671 | D:4      | Found a staircase to the Ecumenical Temple.
  3705 | Temple   | Entered the Ecumenical Temple
  3822 | Temple   | Became a worshipper of Ru the Awakened
  4176 | D:5      | Entered Level 5 of the Dungeon
  4206 | D:4      | HP: 12/51 [gnoll bouda/+0 whip (9)]
  4209 | D:4      | Reached skill level 4 in Unarmed Combat
  4211 | D:4      | HP: 9/51 [gnoll bouda/+0 whip (4)]
  4495 | D:5      | Reached skill level 2 in Ice Magic
  4497 | D:5      | Reached XP level 7. HP: 48/48 MP: 7/12
  4718 | D:5      | Reached skill level 5 in Transmutations
  4794 | D:5      | Reached skill level 3 in Ice Magic
  4856 | D:5      | Reached skill level 4 in Spellcasting
  4871 | D:5      | Gained mutation: You may rarely emit foul miasma when
                  | damaged in melee. [demonic ancestry]
  4871 | D:5      | Reached XP level 8. HP: 54/54 MP: 9/14
  5097 | D:5      | You pick up a book of Callings and begin reading...
  5097 | D:5      | You add the spells Summon Small Mammal, Call Canine
                  | Familiar and Summon Guardian Golem to your library.
  5205 | D:5      | Gained mutation: You cannot train Armour skill. [Ru
                  | sacrifice]
  5205 | D:5      | Reached * piety under Ru
  5297 | D:6      | Reached skill level 4 in Ice Magic
  5485 | D:6      | Reached skill level 6 in Transmutations
  5563 | D:6      | Found a runed translucent door.
  5564 | D:6      | Noticed Leeroy's ghost (amateur TeWr)
  5670 | D:6      | Reached skill level 5 in Unarmed Combat
  5796 | D:6      | Noticed a two-headed ogre
  6434 | D:7      | Reached skill level 5 in Ice Magic
  6456 | D:7      | HP: 14/64 [steam dragon (9)]
  6458 | D:7      | Gained mutation: You have very sharp fingernails. [demonic
                  | ancestry]
  6458 | D:7      | Reached XP level 9. HP: 17/59 MP: 16/16
  6845 | D:7      | Reached skill level 5 in Spellcasting
  7070 | D:7      | Found a shadowy altar of Dithmenos.
  7170 | D:7      | Noticed Maggie
  7177 | D:7      | Reached skill level 7 in Transmutations
  7190 | D:7      | Killed Maggie
  7726 | D:8      | Reached skill level 6 in Ice Magic
  7759 | D:8      | HP: 16/70 [steam dragon] (9)]
  7761 | D:8      | Reached skill level 6 in Unarmed Combat
  7899 | D:8      | Reached skill level 8 in Transmutations
  8061 | D:8      | magus.rc [v1.11.3]
  8225 | D:8      | Reached skill level 6 in Spellcasting
  8270 | D:8      | Noticed a purple ugly thing
  8285 | D:8      | HP: 4/70 [purple ugly thing (17)]
  8286 | D:8      | Killed a purple ugly thing
  8287 | D:8      | Gained mutation: You regenerate health from kills. [demonic
                  | ancestry]
  8287 | D:8      | Reached XP level 10. HP: 6/65 MP: 16/19
  8441 | D:8      | Noticed a cyclops
  8446 | D:8      | HP: 19/78 [cyclops (14)]
  8449 | D:8      | Killed a cyclops
  8722 | D:8      | You add the spells Gell's Gravitas, Teleport Other and
                  | Dispersal to your library.
  8727 | D:8      | Gained mutation: You cannot be stealthy. [Ru sacrifice]
  8727 | D:8      | Reached ** piety under Ru
  8777 | D:8      | Reached skill level 9 in Transmutations
  8814 | D:8      | Reached skill level 7 in Unarmed Combat
  8958 | D:8      | Noticed Maurice
  8966 | D:8      | Killed Maurice
 10029 | D:10     | Entered Level 10 of the Dungeon
 10042 | D:10     | Noticed Sonja
 10060 | D:9      | Killed Sonja
 10061 | D:9      | Reached skill level 7 in Spellcasting
 10197 | D:10     | Reached skill level 10 in Transmutations
 10568 | D:10     | Noticed a two-headed ogre
 10572 | D:10     | Reached XP level 11. HP: 70/70 MP: 17/22
 10575 | D:10     | Noticed a tengu warrior
 10753 | D:10     | Found a staircase to the Orcish Mines.
 10843 | D:10     | Noticed an ogre mage
 10864 | D:10     | Found a transporter.
 10868 | D:10     | Reached skill level 8 in Unarmed Combat
 10884 | D:10     | Noticed an alligator snapping turtle
 10911 | D:10     | Found a transporter.
 10942 | D:10     | Found a portal to a secret trove of treasure.
 10948 | D:10     | This trove needs 6 scrolls of fog to function. Give it the
                  | items?
 10977 | D:10     | Noticed a shadow dragon
 11101 | D:10     | magus.rc [v1.11.3]
 11402 | D:10     | Noticed an eleionoma
 11492 | D:10     | Identified the +1 chain mail "Qaynt" {*Slow rElec Int+4}
 11961 | D:10     | magus.rc [v1.11.3]
 12025 | D:11     | Reached skill level 11 in Transmutations
 12025 | D:11     | magus.rc [v1.11.3]
 12127 | D:11     | Reached skill level 8 in Spellcasting
 12352 | D:11     | Found Qyasu's Armour Shop.
 12422 | D:11     | Noticed a tengu warrior
 12428 | D:11     | Noticed a tengu warrior
 12444 | D:11     | Killed a tengu warrior
 12454 | D:11     | Killed a tengu warrior
 12598 | D:11     | Found a staircase to the Lair.
 12632 | D:11     | Identified the +2 chain mail of the Tarantula {rElec rC+
                  | rCorr Int-4}
 12740 | D:11     | Noticed a brown ugly thing
 12754 | D:11     | Killed a brown ugly thing
 13399 | D:11     | Found a runed translucent gate.
 13406 | D:11     | Found a runed translucent gate.
 13407 | D:11     | Found a runed translucent gate.
 13407 | D:11     | Noticed mrw0lf's ghost (journeyman BaTm)
 13408 | D:11     | magus.rc [v1.11.3]
 13516 | Lair:1   | Entered Level 1 of the Lair of Beasts
 13522 | Lair:1   | Reached skill level 12 in Transmutations
 13591 | Lair:1   | Gained mutation: You are hated by all. [Ru sacrifice]
 13591 | Lair:1   | Reached *** piety under Ru
 13801 | Lair:1   | Reached skill level 9 in Unarmed Combat
 14051 | Lair:1   | Reached skill level 2 in Dodging
 14051 | Lair:1   | Reached XP level 12. HP: 56/77 MP: 18/24
 14069 | Lair:1   | HP: 16/92 [yak (13)]
 14581 | Lair:2   | Reached skill level 2 in Fighting
 14598 | Lair:2   | Found a staircase to the Shoals.
 14598 | Lair:2   | Noticed a four-headed hydra
 14606 | Lair:2   | Killed a four-headed hydra
 14616 | Lair:2   | Reached skill level 9 in Spellcasting
 14722 | Lair:2   | Noticed a death yak
 14722 | Lair:2   | Noticed a death yak
 14722 | Lair:2   | Noticed a death yak
 14723 | Lair:2   | Noticed a death yak
 14741 | Lair:1   | magus.rc [v1.11.3]
 14783 | Lair:1   | Reached skill level 3 in Dodging
 14982 | Lair:2   | Identified the +1 robe "Fipraini" {rF+}
 15186 | Lair:2   | Killed a death yak
 15196 | Lair:2   | HP: 17/96 [death yak (14)]
 15197 | Lair:2   | Slain by a death yak

Vanquished Creatures
  A hydra (Lair:2)
  2 tengu warriors (D:11)
  A death yak (Lair:2)
  Sonja (D:9)
  2 ugly things
  2 cyclopes
  Maurice (D:8)
  A water nymph (Lair:2)
  2 black mambas
  Maggie (D:7)
  2 cane toads
  3 komodo dragons
  8 trolls
  A polar bear (Lair:1)
  5 dream sheep (Lair:1)
  2 shadows
  A wraith (D:11)
  A vampire (D:10)
  30 yaks
  A basilisk (Lair:2)
  2 steam dragons
  A vampire mosquito (D:8)
  2 acid dragons
  8 water moccasins
  3 orc warriors
  4 black bears (D:11)
  3 ice beasts
  4 centaurs
  3 ogres
  3 phantoms
  A kobold brigand (D:8)
  5 bullfrogs
  A gnoll sergeant (D:10)
  3 scorpions
  2 necrophages
  4 wights (D:6)
  3 killer bees (D:9)
  An electric eel (D:8)
  5 howler monkeys
  4 hounds
  A jelly (D:6)
  6 orc priests
  4 gnoll boudas
  7 orc wizards
  Robin (D:2)
  22 gnolls
  6 adders
  3 shadow imps
  3 white imps
  2 ufetubi
  A dart slug (D:1)
  34 orcs
  4 bats
  4 endoplasms
  6 giant cockroaches
  19 goblins
  8 hobgoblins
  4 kobolds
  4 quokkas
  12 ball pythons
  6 frilled lizards
  5 rats
292 creatures vanquished.

Vanquished Creatures (others)
  A gnoll (D:7)
  58 fungi
  45 plants
104 creatures vanquished.

Grand Total: 396 creatures vanquished

Table legend:
 A = Non-vault XP
 B = Vault XP
 C = Vault XP percentage of total XP
 D = Non-vault monster count
 E = Vault monster count
 F = Vault count percentage of total count
                 A         B        C        D         E       F
            +---------+---------+-------+---------+---------+-------
      Total |   20659 |    7876 |  27.6 |     244 |      48 |  16.4
            +---------+---------+-------+---------+---------+-------
        D:1 |      45 |       0 |   0.0 |      27 |       0 |   0.0
        D:2 |     144 |      36 |  20.0 |      12 |      13 |  52.0
        D:3 |      48 |       0 |   0.0 |      20 |       0 |   0.0
        D:4 |     427 |       3 |   0.7 |      23 |       2 |   8.0
        D:5 |    1021 |       0 |   0.0 |      27 |       0 |   0.0
        D:6 |     672 |       0 |   0.0 |      18 |       0 |   0.0
        D:7 |    1193 |     395 |  24.9 |      21 |       1 |   4.5
        D:8 |    1781 |    2657 |  59.9 |      22 |      11 |  33.3
        D:9 |     361 |     776 |  68.2 |       8 |       1 |  11.1
       D:10 |    3801 |    1159 |  23.4 |      27 |       5 |  15.6
       D:11 |    4990 |    1075 |  17.7 |      17 |       8 |  32.0
     Lair:1 |    2351 |    1289 |  35.4 |      11 |       5 |  31.2
     Lair:2 |    3825 |     486 |  11.3 |      11 |       2 |  15.4
            +---------+---------+-------+---------+---------+-------

Illustrated notes

Table legend:
 A = Kills in this place as a percentage of kills in entire the game.
 B = Kills by you in this place as a percentage of kills by you in the entire game.
 C = Kills by friends in this place as a percentage of kills by friends in the entire game.
 D = Other kills in this place as a percentage of other kills in the entire game.
 E = Experience gained in this place as a percentage of experience gained in the entire game.
 F = Experience gained in this place divided by the number of levels of this place that you have seen.
                   A       B       C       D       E      F
               +-------+-------+-------+-------+-------+----------------------
         Total | 100.0 | 100.0 |   N/A |   N/A | 100.0 | 2038.2
       Dungeon |  90.1 |  90.1 |   N/A |   N/A |  72.1 | 1871.3
          Lair |   9.9 |   9.9 |   N/A |   N/A |  27.9 | 3975.5
               +-------+-------+-------+-------+-------+----------------------

Table legend: (Time is in decaauts)
 A = Elapsed time spent in this place.
 B = Non-inter-level travel time spent in this place.
 C = Inter-level travel time spent in this place.
 D = Time resting spent in this place.
 E = Time spent auto-exploring this place.
 F = Levels seen in this place.
 G = Mean time per level.
                   A        B        C        D        E       F      G
               +--------+--------+--------+--------+--------+-----+--------+
         Total |  15110 |  14620 |    490 |    790 |  11396 |  14 | 1079.3 |
       Dungeon |  13314 |  12946 |    368 |    747 |  10106 |  11 | 1210.4 |
        Temple |    137 |    117 |     20 |      0 |     93 |   1 |  137.0 |
          Lair |   1658 |   1557 |    101 |     43 |   1197 |   2 |  829.0 |
               +--------+--------+--------+--------+--------+-----+--------+

Top non-repeatable levels by time:
    D:10: 1704 daAuts
    D:11: 1536 daAuts
     D:8: 1440 daAuts
     D:7: 1415 daAuts
     D:2: 1248 daAuts
  Lair:1: 1118 daAuts
     D:3: 1087 daAuts
     D:6: 1067 daAuts
     D:4: 1030 daAuts
     D:9: 1009 daAuts
     D:1: 955 daAuts
     D:5: 820 daAuts
  Lair:2: 540 daAuts
  Temple: 137 daAuts
